Map: Glittering Ashes LE

Players

NautiLus - Winner!

  • Race: Zerg Zerg
  • League: Diamond
  • Spawn Location: 7:00

Xech

  • Race: Terran Terran
  • League: Diamond
  • Spawn Location: 1:00

VOD

Have the link to the VOD?

Description

Time

  • Played on: June 18, 2022, 2:26 a.m.
  • Length: 15:27
Show
View Real Time Build Order
Export as new Build Order

NautiLus Zerg - Winner!

Build Orders: Hatch First, Lurkers 

Get SALT Encoding   

  12  0:02  Drone  
  13  0:12  Overlord  
  13  0:16  Drone  
  14  0:30  Drone x2  
  16  0:40  Drone  
  17  0:56  Hatchery  
  16  0:58  Drone  
  17  1:16  Drone  
  17  1:17  Spawning Pool  
  17  1:34  Extractor  
  17  1:35  Drone  
  17  1:36  Drone  
  17  1:38  Overlord  
  18  1:51  Drone  
  19  2:04  Queen  
  21  2:09  Queen  
  23  2:21  Zergling x4  
  25  2:24  Hatchery  
  24  2:35  Drone  
  25  2:38  Drone x2  
  27  2:46  Drone x3  
  30  2:56  Drone x2  
  32  3:08  Queen  
  32  3:09  Queen  
  36  3:19  Overlord  
  36  3:37  Drone  
  36  3:38  Drone x8  
  45  3:45  Queen  
  47  3:49  Metabolic Boost  
  47  4:02  Spore Crawler  
  46  4:04  Drone  
  46  4:05  Spore Crawler  
  46  4:07  Drone  
  46  4:08  Drone x3  
  50  4:10  Overlord x2  
  50  4:26  Extractor  
  50  4:27  Extractor  
  48  4:33  Baneling Nest  
  48  4:35  Evolution Chamber  
  46  4:44  Overlord  
  46  4:45  Overlord  
  46  4:46  Drone  
  46  4:47  Drone x2  
  46  4:48  Drone x3  
  46  4:50  Drone  
  53  4:53  Lair  
  53  4:55  Queen x2  
  53  4:56  Drone  
  53  4:57  Drone  
  59  5:13  Overlord  
  59  5:23  Zergling x10  
  59  5:24  Zergling x6  
  59  5:27  Baneling x4  
  67  5:32  Drone x3  
  70  5:38  Zerg Ground Armor Level 1  
  70  5:44  Roach Warren  
  69  6:08  Zergling x2  
  69  6:09  Zergling x10  
  69  6:21  Drone x2  
  69  6:22  Drone x11  
  82  6:26  Centrifugal Hooks  
  82  6:30  Overseer  
  82  6:31  Overseer  
  82  6:34  Glial Reconstitution  
  82  6:38  Extractor  
  81  6:55  Hatchery, Queen  
  82  7:03  Overlord x2  
  82  7:04  Overlord x3  
  82  7:21  Queen x2  
  86  7:24  Drone  
  86  7:25  Drone x12  
  86  7:27  Overlord x3  
  99  7:49  Extractor, Spore Crawler  
  97  7:57  Pneumatized Carapace  
  97  8:09  Evolution Chamber  
  97  8:12  Extractor, Zerg Missile Weapons Level 1  
  95  8:14  Hydralisk Den  
  95  8:17  Hatchery  
  93  8:23  Infestation Pit  
  92  8:28  Roach x6  
  92  8:29  Roach x3  
  110  8:57  Zerg Ground Armor Level 2, Muscular Augments  
  110  9:09  Hive  
  110  9:15  Lurker Den  
  109  9:24  Hydralisk  
  109  9:25  Hydralisk x9  
  127  9:54  Spore Crawler  
  126  10:00  Drone  
  126  10:01  Drone x8  
  126  10:02  Overlord x3  
  135  10:08  Grooved Spines  
  135  10:14  Zerg Missile Weapons Level 2  
  135  10:16  Spire  
  134  10:25  Hydralisk x3  
  134  10:26  Hydralisk x7  
  154  10:37  Extractor x2  
  154  10:38  Spore Crawler  
  154  10:40  Lurker, Spine Crawler  
  154  10:41  Lurker x7  
  158  11:19  Drone x3  
  158  11:21  Drone  
  158  11:22  Overlord x2  
  158  11:23  Overlord x2  
  162  11:36  Hatchery  
  161  12:01  Adaptive Talons  
  161  12:03  Zerg Ground Armor Level 3  
  161  12:05  Hydralisk x2  
  161  12:06  Hydralisk x5  
  161  12:07  Zergling x2  
  161  12:08  Zergling x28  
  182  12:09  Zergling x6  
  182  12:12  Lurker x5  
  198  12:27  Overseer  
  198  12:37  Ultralisk Cavern  
  197  12:58  Seismic Spines  
  197  13:33  Anabolic Synthesis  
  197  13:34  Adrenal Glands  
  197  13:37  Pathogen Glands  
  197  14:01  Baneling x11  
  197  14:02  Baneling x14  
  197  14:04  Hydralisk  
Show
View Real Time Build Order
Export as new Build Order

Xech Terran 

Build Orders: Reaper Expand 

Get SALT Encoding   

  12  0:00  SCV  
  13  0:14  SCV  
  14  0:16  Supply Depot  
  14  0:26  SCV  
  15  0:38  SCV  
  15  0:40  Barracks  
  16  0:42  Barracks  
  16  0:45  Refinery  
  16  0:51  SCV  
  17  1:03  SCV  
  18  1:15  SCV  
  19  1:30  Orbital Command  
  19  1:31  Reaper  
  20  1:46  Command Center  
  20  1:55  Supply Depot  
  20  2:00  SCV  
  21  2:08  Barracks  
  21  2:15  SCV  
  21  2:22  Factory  
  22  2:24  Barracks Reactor  
  22  2:29  SCV  
  23  2:33  Refinery  
  23  2:49  SCV  
  24  2:51  Bunker  
  24  3:01  SCV  
  25  3:06  Barracks Tech Lab  
  25  3:07  Factory Reactor  
  25  3:10  Marine x2  
  28  3:13  SCV, Orbital Command  
  28  3:27  Marine  
  28  3:29  Starport  
  28  3:31  SCV  
  28  3:32  Marine  
  31  3:38  Stimpack  
  31  3:40  Marine  
  32  3:43  SCV  
  33  3:49  SCV  
  33  3:53  Marine  
  33  3:54  Marine  
  33  3:55  SCV  
  37  3:57  Marine  
  37  4:02  SCV  
  39  4:11  Marine x2  
  41  4:21  Marine  
  42  4:24  Medivac x2  
  46  4:39  Supply Depot x2  
  46  4:50  Factory Reactor, SCV x2, Marine x2  
  50  5:02  SCV  
  50  5:03  SCV  
  52  5:10  Marine x2  
  54  5:15  SCV  
  54  5:17  SCV  
  54  5:21  Marine  
  57  5:22  Command Center  
  57  5:27  SCV  
  57  5:28  Marine x2, Medivac x2  
  63  5:29  SCV  
  63  5:32  Supply Depot  
  63  5:34  Supply Depot  
  65  5:36  Combat Shield  
  65  5:39  SCV, Marine  
  65  5:41  SCV, Engineering Bay  
  68  5:45  Engineering Bay  
  68  5:47  Marine x2  
  70  5:54  SCV x2  
  70  5:56  Marine  
  73  6:04  Marine  
  73  6:06  SCV x2  
  73  6:18  SCV x2, Marine x2  
  70  6:22  Marine  
  70  6:23  Barracks  
  70  6:24  Terran Infantry Weapons Level 1, Barracks, Terran Infantry Armor Level 1  
  73  6:28  Refinery  
  73  6:29  Refinery  
  73  6:36  Widow Mine x2, Marine x2  
  73  6:38  SCV x2  
  81  6:40  Marine  
  82  6:50  SCV x2  
  82  6:54  Marine x2  
  84  6:57  Widow Mine  
  84  6:58  Widow Mine, Marine  
  91  7:02  SCV x2  
  91  7:04  Factory  
  91  7:07  Barracks  
  93  7:14  SCV x2, Orbital Command  
  95  7:19  Widow Mine  
  97  7:26  SCV x2  
  97  7:28  Command Center  
  99  7:31  Barracks Reactor x2  
  99  7:35  Marine x2  
  101  7:59  Supply Depot  
  101  8:02  Supply Depot  
  101  8:04  Supply Depot  
  101  8:21  SCV x3, Marine x3  
  101  8:22  Supply Depot  
  101  8:23  Armory  
  101  8:24  Factory Tech Lab  
  101  8:25  Barracks Reactor  
  107  8:33  SCV x3  
  110  8:38  Marine x3  
  113  8:45  SCV x3  
  116  8:50  Marine x4  
  120  8:56  Marine x3  
  120  8:57  SCV x3, Barracks  
  120  8:59  Barracks  
  120  9:02  Marine x2  
  127  9:04  Siege Tank  
  127  9:05  Medivac  
  127  9:06  Medivac  
  127  9:08  Marine x4  
  139  9:12  SCV x2  
  139  9:14  Marine x2  
  143  9:33  SCV x3, Planetary Fortress  
  143  9:35  Medivac  
  148  9:42  Siege Tank, Medivac  
  145  9:51  SCV x3  
  146  9:53  Barracks Reactor  
  146  9:54  Barracks Reactor  
  146  9:57  Terran Infantry Weapons Level 2, Terran Infantry Armor Level 2  
  146  9:58  Terran Vehicle Weapons Level 1  
  146  9:59  Marine x2  
  148  10:02  Refinery  
  148  10:04  Refinery  
  148  10:17  Supply Depot  
  148  10:18  Supply Depot x2  
  148  10:32  Command Center  
  148  10:34  Command Center  
  148  10:35  Command Center  
  148  10:38  SCV x2, Siege Tank, Marine x3  
  148  10:39  SCV x2, Marine x3  
  148  10:40  Marine x3  
  148  10:41  Marine x4  
  168  10:50  SCV x2  
  168  10:51  SCV x2  
  172  11:02  Supply Depot x2  
  172  11:03  Command Center  
  172  11:04  Supply Depot  
  172  11:21  Sensor Tower  
  172  11:23  Marine x2  
  172  11:24  SCV x2, Siege Tank, Marine x2, Medivac x2  
  185  11:27  Refinery  
  185  11:29  Refinery  
  185  11:45  Factory  
  185  11:47  Factory  
  185  11:48  Orbital Command  
  185  11:49  Planetary Fortress  
  185  11:50  Orbital Command  
  185  11:54  Medivac x2  
  187  11:56  SCV x4, Siege Tank  
  196  12:08  SCV x4  
  200  12:17  Sensor Tower  
  200  12:22  Orbital Command  
  200  12:26  Sensor Tower  
  200  12:32  Factory Tech Lab  
  200  12:33  Factory Tech Lab  
  200  12:37  Fusion Core  
  190  13:30  Weapon Refit, Command Center  
  190  13:33  Starport, Terran Ship Weapons Level 1  
  190  13:36  Starport  
  190  14:04  Viking  
  192  14:11  Starport Tech Lab  
  192  14:21  Starport Tech Lab  
  192  14:35  Armory  
Tags
 
Add a new tag
Caveats
  • Supply blocks, unpowered buildings, or Contaminate may cause inaccurate times.
  • Supply counts are checked every 10 seconds.